 Dungeon Crawl Stone Soup version 0.17.1-3-g152610e (webtiles) character file.

42492 inmateoo the Cleaver (level 13, -15/115 HPs)
             Began as a Centaur Fighter on Feb 18, 2016.
             Was a High Priest of Okawaru.
             Demolished by a sun demon (19 damage)
             ... summoned by an orc high priest
             ... on level 4 of the Orcish Mines.
             The game lasted 00:35:11 (19160 turns).

inmateoo the Cleaver (Centaur Fighter)             Turns: 19160, Time: 00:35:11

Health: -15/115    AC: 24    Str: 23    XL:     13   Next: 85%
Magic:  9/9        EV:  9    Int: 10    God:    Okawaru [*****.]
Gold:   1123       SH: 12    Dex: 14    Spells: 0 memorised, 12 levels left

rFire  . . .     SeeInvis .     F - +3 broad axe
rCold  + + +     Clarity  .     H - +4 ring mail "Nadira" {rPois rF+ Dex+2}
rNeg   + . .     SustAt   .     c - +1 shield
rPois  +         Gourm    .     D - +2 helmet
rElec  .         Spirit   .     A - +2 cloak {+Inv}
rCorr  .         Warding  +     B - +0 pair of gloves
rMut   .         Stasis   .     V - +0 centaur barding "Boimpun" {rC+ MR+ MP-9}
MR     +++++                    L - amulet of Loumarhi {Ward rF- rC+ rN+ MR++}
Stlth  ..........               U - ring of the Mage {Wiz MR++ Int+3}
                                R - ring "Inkill" {rC+ Str+2}

@: very quick, almost entirely resistant to hostile enchantments, extremely
unstealthy
A: hooves 3, deformed body, speed 2, mutation resistance 1, tough skin 3
a: Heroism, Finesse, Renounce Religion, Evoke Invisibility


You were on level 4 of the Orcish Mines.
You worshipped Okawaru.
Okawaru was extremely pleased with you.
You were not hungry.

You visited 2 branches of the dungeon, and saw 16 of its levels.
You also visited: Ice Cave and Volcano.

You collected 2355 gold pieces.
You spent 1232 gold pieces at shops.

Inventory:

Hand Weapons
 r - a +0 demon trident of flaming
 F - a +3 broad axe (weapon)
Armour
 c - a +1 shield (worn)
 A - a +2 cloak of invisibility (worn)
 B - a +0 pair of gloves (worn)
 D - a +2 helmet (worn)
 H - the +4 ring mail "Nadira" (worn) {rPois rF+ Dex+2}
   (You bought it in a shop on level 9 of the Dungeon)

   It affects your dexterity (+2).
   It protects you from fire.
   It protects you from poison.
 V - the +0 centaur barding "Boimpun" (worn) {rC+ MR+ MP-9}
   (Okawaru gifted it to you in an ice cave)

   It protects you from cold.
   It affects your resistance to hostile enchantments.
   It affects your magic capacity (-9).
Jewellery
 m - an uncursed amulet of stasis
 n - an uncursed ring of positive energy
 L - the amulet of Loumarhi (around neck) {Ward rF- rC+ rN+ MR++}
   (You found it on level 10 of the Dungeon)

   [amulet of warding]

   It may prevent the melee attacks of summoned creatures.
   It makes you vulnerable to fire.
   It protects you from cold.
   It protects you from negative energy.
   It affects your resistance to hostile enchantments.
 R - the ring "Inkill" (left hand) {rC+ Str+2}
   (You found it in an ice cave)

   [ring of protection from cold]

   It affects your strength (+2).
   It protects you from cold.
 U - the ring of the Mage (right hand) {Wiz MR++ Int+3}
   (You found it in an ice cave)

   [ring of wizardry]

   It improves your spell success rate.
   It affects your intelligence (+3).
   It affects your resistance to hostile enchantments.
Wands
 f - a wand of confusion (9)
 s - a wand of magic darts (32)
 y - a wand of teleportation (8)
 O - a wand of teleportation (3)
 W - a wand of flame (32)
Scrolls
 a - 2 scrolls of enchant armour
 h - 2 scrolls of fog
 j - 4 scrolls of remove curse
 k - 3 scrolls of teleportation
 q - 2 scrolls of recharging
 N - a scroll of amnesia
Potions
 d - a potion of cure mutation
 e - a potion of resistance
 l - 2 potions of invisibility
 o - 3 potions of curing
 p - a potion of magic
 u - 2 potions of agility
 v - 2 potions of flight
 z - 5 potions of brilliance {unknown}
 I - 3 potions of might
 K - a potion of lignification {unknown}
 M - a potion of berserk rage {unknown}
 P - a potion of heal wounds {unknown}
 Q - a potion of beneficial mutation {unknown}
Comestibles
 b - 2 chunks of flesh
 g - 4 meat rations
 i - 2 beef jerkies
 w - 6 royal jellies
 C - 5 bread rations
 S - 8 fruits


   Skills:
 + Level 10.8 Fighting
 * Level 12.9 Axes
 + Level 8.2 Armour
 + Level 5.1 Dodging
 + Level 8.2 Shields
 + Level 6.7 Invocations


You had 12 spell levels left.
You didn't know any spells.

Dungeon Overview and Level Annotations

Branches:
Dungeon (12/15)            Temple (0/1) D:4            Lair (0/8) D:10
    Orc (4/4) D:10            Elf (0/3) Orc:3

Altars:
Ashenzari
Cheibriados
Gozag
Kikubaaqudgha
Makhleb
Okawaru
Ru
Sif Muna
Trog
Xom
Yredelemnul
Zin

Shops:
D:6 (   D:9 *   D:12 [(   Orc:1 =   Orc:3 *   Orc:4 *

Annotations:
D:10 Gastronok


Innate Abilities, Weirdness & Mutations

You have hooves in place of feet.
Armour fits poorly on your strangely shaped body.
You cover ground very quickly.
You have extremely tough skin (AC +3).
You are somewhat resistant to further mutation.


Message History

The orc high priest is almost dead.
You closely miss the sun demon.
The sun demon is lightly wounded.
You slash the smoke demon!
You kill the smoke demon!
The sun demon hits you.
* * * LOW HITPOINT WARNING * * *
You are engulfed in flames!
* * * LOW HITPOINT WARNING * * *
You block the sun demon's attack.
Unknown command.
You block the orc high priest's attack.
Items here: ( )) [[ ÷ † Unknown command.
Unknown command.
Drink which item? (? for menu, Esc to quit)
You feel better. The sun demon hits you!
* * * LOW HITPOINT WARNING * * *
You are engulfed in flames!!
You die...

######### ##.#..#.##
###.........
##.#..#......
########............
###
##.#(##.##.#)[[......
..###
#.)3.[)[.)(.#.[...)..
....###
##3.#@##....###.......
......##
##:o)####.[######.[[[..
.......####.[[.#
#...##.###..[(..
.#.#.#.#.#.[[..#
##.##...#...[(..
...o.....)....##
#####.#........
....)o.........###
##......)...
...[[[...[.......##
#.......)...
.#.#)#.#.#........#
#........[..
.......####.##.#.##
##...........


You could see a sun demon.

Vanquished Creatures
  Maud (Orc:4)
  A frost giant (IceCv)
  Josephine (Orc:4)
  Harold (D:10)
  4 orc high priests (Orc:4)
  2 death yaks (IceCv)
  Sonja (D:12)
  Nergalle (Orc:2)
  A deep troll (Orc:3)
  11 orc knights
  Pikel (D:4)
  A lindwurm (Orc:2)
  2 hill giants (D:11)
  2 orc sorcerers (Orc:3)
  3 toenail golems (Volcano)
  An ice statue (IceCv)
  17 polar bears (IceCv)
  5 trolls
  A two-headed ogre (D:9)
  A trapdoor spider zombie (D:8)
  A trapdoor spider (D:11)
  6 humans (Volcano)
  20 yaks
  2 wyverns
  A deep elf mage (D:11)
  Grum (D:11)
  3 hippogriffs (D:11)
  3 hungry ghosts
  4 wraiths (Orc:4)
  4 wargs
  Edmund (D:4)
  15 wolves
  2 water moccasins
  2 sky beasts
  2 porcupines (D:10)
  2 black bears
  2 slaves (D:4)
  3 ice beasts
  40 orc warriors
  5 phantoms
  5 ogres
  The ghost of F1L1N the Ruffian, an amateur DrBe of Trog (D:4)
  2 centaurs
  A necrophage (D:7)
  A big kobold (D:7)
  5 giant frogs
  A wyvern zombie (D:9)
  3 scorpions
  2 wyvern skeletons
  5 wights (D:11)
  2 spriggan skeletons (D:11)
  19 killer bees
  4 crimson imps
  2 giant frog zombies
  2 jellies
  35 orc wizards
  41 orc priests
  3 giant frog skeletons
  4 centaur skeletons
  A hell rat (D:10)
  10 worker ants
  5 iguanas
  5 hounds
  A hound skeleton (D:9)
  Robin (D:4)
  5 worker ant zombies
  6 gnolls
  12 adders
  A shadow imp (D:10)
  2 oozes
  An adder skeleton (D:5)
  3 worms (D:2)
  8 giant geckos
  213 orcs
  10 giant cockroaches
  8 hobgoblins
  17 jackals
  8 quokkas
  2 ball pythons
  14 bats
  2 giant gecko skeletons (D:4)
  16 giant newts
  18 goblins
  A jackal zombie (D:8)
  13 kobolds
  A quokka skeleton (D:6)
  13 rats
  A spectral orc (D:7)
713 creatures vanquished.

Vanquished Creatures (others)
  A polar bear (IceCv)
  2 wolves (IceCv)
  2 slaves (D:4)
  An orc (Orc:4)
  A giant cockroach (D:4)
7 creatures vanquished.

Grand Total: 720 creatures vanquished

Notes
Turn   | Place    | Note
--------------------------------------------------------------
     0 | D:1      | inmateoo the Centaur Fighter began the quest for the Orb.
     0 | D:1      | Reached XP level 1. HP: 19/19 MP: 1/1
   134 | D:1      | Reached XP level 2. HP: 21/26 MP: 2/2
   689 | D:1      | Reached XP level 3. HP: 23/31 MP: 3/3
  1234 | D:2      | Found an iron altar of Okawaru.
  1240 | D:2      | Became a worshipper of Warmaster Okawaru
  1352 | D:2      | Reached XP level 4. HP: 20/38 MP: 4/4
  1957 | D:2      | Found a burning altar of Makhleb.
  1958 | D:2      | Noticed a cacodemon
  1962 | D:2      | Found a glowing silver altar of Zin.
  1962 | D:2      | Noticed an angel
  2079 | D:2      | Found an iron altar of Okawaru.
  2402 | D:3      | Reached XP level 5. HP: 43/45 MP: 5/5
  3039 | D:3      | Found a shimmering altar of Xom.
  3039 | D:3      | Found a shimmering altar of Xom.
  3039 | D:3      | Found a shimmering altar of Xom.
  3051 | D:3      | Reached * piety under Okawaru
  3061 | D:3      | Found a shimmering altar of Xom.
  3061 | D:3      | Found a shimmering altar of Xom.
  3130 | D:3      | Reached skill level 4 in Axes
  3189 | D:4      | Noticed F1L1N's ghost (amateur DrBe)
  3240 | D:4      | Noticed an ogre
  3293 | D:4      | Reached XP level 6. HP: 45/52 MP: 6/6
  3577 | D:4      | Killed F1L1N's ghost
  3694 | D:4      | Noticed Robin
  3726 | D:4      | Killed Robin
  3909 | D:4      | Noticed Pikel
  3909 | D:4      | Noticed a slave
  3909 | D:4      | Noticed a slave
  3910 | D:4      | Noticed a slave
  3911 | D:4      | Noticed a slave
  3923 | D:4      | Killed a slave
  3933 | D:4      | Killed Pikel
  3933 | D:4      | Reached ** piety under Okawaru
  3933 | D:4      | Reached *** piety under Okawaru
  3933 | D:4      | Reached skill level 5 in Axes
  3933 | D:4      | Reached XP level 7. HP: 49/60 MP: 7/7
  3950 | D:4      | Killed a freed slave
  3956 | D:4      | Found a staircase to the Ecumenical Temple.
  4023 | D:4      | Killed a freed slave
  4163 | D:4      | Noticed Edmund
  4180 | D:4      | Killed Edmund
  4180 | D:4      | Reached skill level 5 in Fighting
  4180 | D:4      | Reached XP level 8. HP: 41/68 MP: 8/8
  4292 | D:4      | Killed a freed slave
  4317 | D:4      | Reached skill level 6 in Axes
  4520 | D:5      | Entered Level 5 of the Dungeon
  5082 | D:5      | Reached **** piety under Okawaru
  5370 | D:5      | Found an opulent altar of Gozag.
  5372 | D:5      | Found a bloodstained altar of Trog.
  5372 | D:5      | Found a shimmering altar of Xom.
  5661 | D:6      | Reached skill level 7 in Axes
  5735 | D:6      | Found a shattered altar of Ashenzari.
  5745 | D:6      | Found a snail-covered altar of Cheibriados.
  5802 | D:6      | Reached XP level 9. HP: 71/75 MP: 9/9
  5941 | D:6      | Found a sacrificial altar of Ru.
  6005 | D:6      | Found Huqecahu's Weapon Shoppe.
  6863 | D:7      | Found an ancient bone altar of Kikubaaqudgha.
  7085 | D:7      | Found a basalt altar of Yredelemnul.
  7168 | D:7      | Reached skill level 8 in Axes
  7273 | D:7      | Reached skill level 5 in Armour
  7396 | D:7      | Reached skill level 5 in Shields
  7587 | D:8      | Reached ***** piety under Okawaru
  8291 | D:8      | Reached XP level 10. HP: 86/86 MP: 10/10
  8627 | D:8      | Reached skill level 9 in Axes
  9006 | D:9      | Received a gift from Okawaru
  9600 | D:9      | Found Doatz's General Store.
  9839 | D:9      | Bought the +4 ring mail "Nadira" {rPois rF+ Dex+2} for 556 gold pieces
 10138 | D:10     | Entered Level 10 of the Dungeon
 10191 | D:10     | Found a staircase to the Lair.
 10191 | D:10     | Found a staircase to the Orcish Mines.
 10197 | D:10     | Got a heavily runed lead amulet
 10440 | D:10     | Identified the amulet of Loumarhi {Ward rF- rC+ rN+ MR++} (You found it on level 10 of the Dungeon)
 10562 | D:10     | Noticed Gastronok
 10628 | D:10     | Reached skill level 1 in Dodging
 10634 | D:10     | Reached skill level 10 in Axes
 10649 | D:10     | Noticed Harold
 10664 | D:10     | Killed Harold
 10664 | D:10     | Reached XP level 11. HP: 65/94 MP: 11/11
 11295 | D:11     | Noticed a hill giant
 11305 | D:11     | Killed a hill giant
 11305 | D:11     | Received a gift from Okawaru
 11605 | D:11     | Noticed a hill giant
 11616 | D:11     | Killed a hill giant
 11696 | D:11     | Received a gift from Okawaru
 11760 | D:11     | Noticed Grum
 11770 | D:11     | Killed Grum
 11780 | D:11     | Reached skill level 1 in Invocations
 12109 | D:11     | Gained mutation: You are somewhat resistant to further mutation. [mutagenic meat]
 12406 | D:12     | Found Jumug's Armour Shoppe.
 12448 | D:12     | Found Luygoxzi's Antique Weapon Emporium.
 12593 | D:12     | Noticed Sonja
 12614 | D:12     | Killed Sonja
 12731 | D:12     | Noticed a seven-headed hydra
 12876 | Orc:1    | Entered Level 1 of the Orcish Mines
 12907 | Orc:1    | Found a frozen archway.
 12911 | IceCv    | Entered an ice cave
 12967 | IceCv    | Reached skill level 11 in Axes
 13003 | IceCv    | Reached XP level 12. HP: 52/104 MP: 12/14
 13005 | IceCv    | Received a gift from Okawaru
 13028 | IceCv    | Got a warped centaur barding {god gift}
 13037 | IceCv    | Identified the +0 centaur barding "Boimpun" {rC+ MR+ MP-9} (Okawaru gifted it to you in an ice cave)
 13416 | IceCv    | Noticed a death yak
 13416 | IceCv    | Noticed a death yak
 13438 | IceCv    | Killed a death yak
 13456 | IceCv    | Killed a death yak
 13788 | IceCv    | Noticed a frost giant
 13842 | IceCv    | Killed a frost giant
 14033 | IceCv    | Got a slimy steel ring
 14042 | IceCv    | Identified the ring "Inkill" {rC+ Str+2} (You found it in an ice cave)
 14220 | Orc:1    | Found Haova's Jewellery Shop.
 14628 | Orc:2    | Found a dark tunnel.
 14789 | Volcano  | Entered a volcano
 14991 | Volcano  | Reached skill level 12 in Axes
 15269 | Orc:2    | Noticed Nergalle
 15277 | Orc:2    | Killed Nergalle
 15277 | Orc:2    | Reached skill level 10 in Fighting
 15393 | Orc:2    | Reached skill level 5 in Invocations
 15420 | Orc:2    | Reached XP level 13. HP: 50/113 MP: 2/16
 15445 | Orc:2    | Received a gift from Okawaru
 15465 | Orc:2    | Got a spiked centaur barding {god gift}
 15518 | Orc:2    | Identified the +0 centaur barding "Esexeov" {*Corrode rC+ Str+7 Stlth+} (Okawaru gifted it to you on level 2 of the Orcish Mines)
 15666 | Orc:3    | Found a staircase to the Elven Halls.
 16129 | Orc:3    | Found Pootowome's General Store.
 16720 | Orc:3    | Bought a scroll of acquirement for 520 gold pieces
 16783 | Orc:4    | Entered Level 4 of the Orcish Mines
 16783 | Orc:4    | Noticed Josephine
 16799 | Orc:4    | Killed Josephine
 17640 | Orc:4    | Found Zeb Risu's General Store.
 17646 | Orc:4    | Noticed Maud
 17671 | Orc:4    | Killed Maud
 17700 | Orc:4    | Bought a potion of agility for 52 gold pieces
 17700 | Orc:4    | Bought 2 potions of might for 104 gold pieces
 17805 | Orc:4    | Found a deep blue altar of Sif Muna.
 17826 | Orc:4    | Identified Sif Muna's Papyrus of Conjuration
 18199 | Orc:4    | Received a gift from Okawaru
 18290 | Orc:4    | Reached skill level 5 in Dodging
 19160 | Orc:4    | HP: 4/115 [sun demon[an orc high priest] (16)]
 19160 | Orc:4    | Demolished by a sun demon

Action                   |  1- 3 |  4- 6 |  7- 9 | 10-12 | 13-15 || total
-------------------------+-------+-------+-------+-------+-------++-------
Melee: War axe           |   135 |   221 |   301 |       |       ||   657
       Unarmed           |       |     2 |     5 |       |       ||     7
       Broad axe         |       |       |   120 |   960 |   535 ||  1615
Invok: Heroism           |       |     2 |     4 |    13 |     9 ||    28
       Finesse           |       |       |       |     1 |     4 ||     5
Evoke: Wand              |       |       |       |     7 |       ||     7
  Use: Potion            |       |     2 |     2 |       |     2 ||     6
       Scroll            |       |       |    17 |     9 |     1 ||    27
 Stab: Confused          |       |       |       |     2 |       ||     2
  Eat: Chunk             |     1 |     7 |     6 |    24 |    11 ||    49
       Bread ration      |       |       |     1 |       |       ||     1
       Beef jerky        |       |       |     2 |       |       ||     2
       Meat ration       |       |       |       |     1 |       ||     1
       Pizza             |       |       |       |       |     1 ||     1
